Map: King's Cove LE

Players

Vindicta

  • Race: Terran Terran
  • League: Grandmaster
  • Spawn Location: 5:00

Cham - Winner!

  • Race: Zerg Zerg
  • League: Master
  • Spawn Location: 11:00

Event: 2019 WCS Winter Americas

VOD

Have the link to the VOD?

Description

Time

  • Played on: Feb. 2, 2019, 3:54 p.m.
  • Length: 22:29

All games in this series

Show
View Real Time Build Order
Export as new Build Order

Vindicta Terran 

Build Orders: Reaper Expand, Mech 

Get SALT Encoding   

  12  0:00  SCV  
  13  0:13  SCV  
  14  0:17  Supply Depot  
  14  0:25  SCV  
  15  0:39  SCV  
  15  0:40  Barracks  
  16  0:45  Refinery  
  16  0:51  SCV  
  17  1:03  SCV  
  18  1:15  SCV  
  19  1:27  Reaper  
  19  1:28  Orbital Command  
  20  1:47  Command Center  
  20  1:53  Supply Depot  
  20  1:56  SCV  
  20  2:00  Marine  
  22  2:08  SCV  
  23  2:12  Factory  
  23  2:20  SCV  
  23  2:21  Refinery  
  24  2:23  Barracks Reactor  
  24  2:32  SCV  
  25  2:44  SCV  
  26  2:56  SCV  
  27  3:00  Starport  
  27  3:01  Orbital Command  
  27  3:04  Hellion  
  29  3:07  Barracks Tech Lab  
  29  3:08  SCV  
  29  3:20  SCV, Supply Depot  
  29  3:21  Hellion  
  29  3:25  Hellion  
  34  3:29  SCV  
  34  3:32  SCV  
  36  3:36  Viking  
  36  3:39  Marauder  
  36  3:41  Concussive Shells  
  40  3:44  SCV  
  40  3:46  SCV  
  42  3:50  Hellion  
  42  3:54  Hellion  
  46  3:57  SCV  
  46  4:01  Supply Depot  
  47  4:04  Marauder  
  47  4:05  SCV  
  47  4:09  SCV  
  51  4:11  Medivac  
  53  4:17  SCV  
  53  4:22  Armory  
  53  4:23  SCV  
  55  4:24  Supply Depot  
  55  4:26  Hellion  
  55  4:30  Hellion  
  59  4:33  Marauder, SCV  
  62  4:46  SCV x2, Supply Depot  
  67  4:57  Hellion  
  67  4:58  SCV  
  67  4:59  SCV, Hellion  
  70  5:01  Refinery  
  70  5:02  Refinery  
  70  5:10  SCV  
  70  5:12  Command Center  
  70  5:13  SCV  
  72  5:20  Hellion  
  72  5:21  Hellion  
  76  5:22  SCV  
  77  5:32  SCV  
  77  5:35  Banshee  
  75  5:36  Hyperflight Rotors  
  75  5:37  SCV  
  77  5:44  Hellion  
  77  5:48  Hellion  
  77  5:50  SCV  
  77  5:51  Terran Vehicle Weapons Level 1  
  77  5:53  Factory  
  77  5:54  SCV, Factory  
  75  6:02  SCV  
  65  6:04  Supply Depot  
  65  6:05  Hellion  
  65  6:06  Barracks Tech Lab  
  65  6:08  SCV  
  65  6:10  Hellion  
  69  6:12  Supply Depot  
  69  6:14  SCV  
  69  6:18  Banshee  
  70  6:21  SCV  
  70  6:25  Orbital Command, Supply Depot  
  74  6:36  SCV  
  74  6:38  SCV  
  76  6:45  Cyclone, Orbital Command  
  76  6:46  Mag-Field Accelerator  
  77  6:50  SCV  
  73  6:55  Factory  
  73  6:56  Hellion  
  73  6:57  Factory  
  73  6:59  Hellion x2, Factory Tech Lab  
  73  7:01  Banshee  
  76  7:02  SCV  
  76  7:06  SCV  
  81  7:08  Hellion x2, Refinery  
  81  7:10  Refinery  
  81  7:15  SCV  
  87  7:23  Siege Tank  
  87  7:24  Hellion x2  
  87  7:25  SCV, Cyclone  
  92  7:44  Banshee  
  97  7:45  Hellion  
  92  7:55  Siege Tank  
  92  7:57  Terran Vehicle And Ship Armor Level 1, Cyclone  
  92  8:00  SCV x2  
  92  8:12  SCV  
  90  8:16  Hellion  
  90  8:19  Factory Tech Lab  
  89  8:20  Hellion  
  89  8:26  SCV, Hellion  
  86  8:27  Cyclone  
  86  8:29  Cloaking Field  
  88  8:35  Factory Reactor  
  88  8:36  Hellion, Supply Depot  
  88  8:38  SCV, Supply Depot  
  91  8:48  Supply Depot  
  91  8:51  Hellion x2  
  91  8:55  SCV  
  99  8:57  Hellion  
  99  8:59  Banshee  
  104  9:09  Cyclone  
  104  9:10  SCV  
  104  9:11  SCV  
  109  9:18  Siege Tank, Refinery x2  
  109  9:20  Hellion, Engineering Bay  
  109  9:21  Engineering Bay  
  111  9:24  SCV  
  111  9:27  Hellion, Orbital Command  
  114  9:32  Cyclone  
  114  9:34  SCV  
  118  9:42  SCV  
  122  9:51  SCV, Cyclone  
  126  9:57  Hellion x2  
  130  10:02  Terran Vehicle Weapons Level 2  
  130  10:05  SCV  
  131  10:08  SCV  
  131  10:11  Hellion  
  131  10:13  SCV  
  124  10:17  SCV  
  124  10:20  SCV, Sensor Tower  
  126  10:29  Cyclone  
  126  10:31  Cyclone, Command Center  
  132  10:41  Supply Depot  
  132  10:42  Infernal Pre-Igniter  
  135  10:43  Smart Servos  
  129  10:52  Hellion  
  133  10:57  Hellion  
  133  11:00  Hellion  
  133  11:01  Cyclone  
  136  11:06  Cyclone  
  136  11:08  Supply Depot x2  
  136  11:09  Command Center  
  139  11:11  Supply Depot  
  139  11:14  Banshee  
  139  11:16  Hellion  
  144  11:19  Hellion  
  146  11:28  SCV x2  
  146  11:29  SCV  
  146  11:32  Hellion  
  151  11:33  Cyclone  
  151  11:38  Cyclone  
  144  11:41  Hellion  
  144  11:46  SCV x3  
  146  11:56  Hellion  
  148  12:05  Cyclone  
  148  12:06  Hellion  
  143  12:10  Hellion, Siege Tank  
  115  12:17  SCV x2  
  120  12:23  Hellion  
  122  12:31  Hellion  
  122  12:32  Planetary Fortress  
  122  12:35  Hellion  
  123  12:39  Siege Tank  
  127  12:45  Hellion  
  131  12:53  Starport Reactor  
  131  12:54  Siege Tank  
  134  13:00  Hellion x3  
  134  13:02  SCV x3  
  137  13:07  Thor  
  137  13:10  Terran Vehicle And Ship Armor Level 2  
  139  13:13  Siege Tank  
  139  13:14  SCV, Hellion  
  145  13:26  Thor  
  124  13:37  Hellion  
  124  13:40  Hellion  
  113  13:45  Siege Tank  
  110  13:52  Factory x2  
  110  13:54  Command Center  
  113  13:57  Refinery x2  
  113  13:59  Hellion  
  117  14:03  Hellion  
  117  14:08  Viking  
  117  14:09  Viking, Siege Tank  
  124  14:11  SCV x2  
  124  14:14  Supply Depot  
  123  14:17  Hellion  
  123  14:18  Supply Depot  
  123  14:20  Hellion  
  123  14:22  Hellion  
  123  14:27  Siege Tank  
  110  14:33  Hellion  
  110  14:37  Factory Reactor  
  107  14:38  Factory Tech Lab  
  107  14:40  Hellion  
  107  14:43  Hellion  
  107  14:47  Hellion  
  107  14:49  SCV  
  86  14:53  SCV  
  86  14:55  SCV  
  86  14:57  Hellion  
  86  14:59  SCV  
  86  15:03  SCV  
  86  15:06  Siege Tank  
  92  15:17  SCV, Hellion  
  92  15:18  SCV x2  
  92  15:19  SCV x2  
  97  15:25  Hellion  
  102  15:34  Hellion  
  107  15:37  Thor  
  107  15:40  Thor  
  106  15:43  Thor  
  106  15:48  Viking  
  112  15:50  SCV  
  112  15:53  SCV x3  
  112  15:56  Viking  
  118  16:02  SCV  
  119  16:05  Thor  
  119  16:08  Hellion  
  119  16:10  SCV  
  119  16:11  Hellion  
  128  16:14  Hellion x2  
  135  16:20  Hellion  
  135  16:25  Thor  
  146  16:32  Hellion  
  146  16:38  Viking x2, Thor  
  150  16:42  Hellion  
  152  16:48  Hellion  
  157  16:56  Thor  
  157  16:58  Liberator  
  157  17:00  Hellion, Liberator  
  157  17:01  Hellion  
  167  17:05  Hellion  
  160  17:12  Thor  
  160  17:13  Orbital Command  
  160  17:15  Hellion x6  
  167  17:24  Siege Tank  
  167  17:26  Hellion  
  172  17:36  Hellion  
  180  17:40  SCV  
  180  17:43  Thor  
  183  17:47  Supply Depot  
  187  17:54  Terran Vehicle Weapons Level 3  
  187  17:57  Thor  
  187  18:03  Thor  
  193  18:10  Viking x2, Hellion x11  
  197  18:13  Refinery  
  197  18:14  Refinery  
  197  18:15  Hellion  
  196  18:26  Siege Tank  
  199  18:31  Hellion x11  
  199  18:35  Sensor Tower  
  199  18:42  Thor  
  196  18:48  Siege Tank  
  196  18:49  Command Center  
  199  18:58  Liberator  
  199  19:12  Factory  
  199  19:13  Factory  
  199  19:16  Command Center  
  196  19:29  Thor, Liberator  
  192  19:38  Hellion  
  167  19:39  Hellion x3  
  167  19:45  Hellion  
  171  19:51  Hellion  
  178  19:52  Hellion  
  178  19:57  Hellion  
  180  20:00  Hellion  
  180  20:06  Barracks x2, Ghost Academy  
  173  20:13  Barracks Tech Lab  
  179  20:17  Factory Tech Lab  
  179  20:18  Factory Tech Lab  
  179  20:21  Planetary Fortress  
  179  20:22  Hellion  
  179  20:27  Hellion x2  
  181  20:39  Hellion  
  173  20:42  Ghost  
  173  20:44  Personal Cloaking  
  174  20:52  Thor  
  174  20:55  Thor  
  169  21:02  Hellion x2  
  152  21:04  Barracks Tech Lab  
  152  21:05  Barracks Tech Lab  
  152  21:06  SCV  
  152  21:13  Ghost  
  158  21:25  Ghost  
  158  21:26  Ghost  
  158  21:29  Hellion  
  149  21:37  Hellion  
  149  21:38  Hellion  
  153  21:41  Ghost  
  161  21:54  Ghost  
  163  22:07  Hellion x2  
Show
View Real Time Build Order
Export as new Build Order

Cham Zerg - Winner!

Build Orders: Hatch First 

Get SALT Encoding   

  12  0:00  Drone  
  13  0:08  Drone  
  14  0:18  Overlord  
  14  0:36  Drone x2  
  16  0:49  Hatchery  
  15  0:54  Drone  
  16  1:07  Spawning Pool  
  16  1:10  Drone  
  16  1:14  Extractor  
  16  1:15  Drone  
  16  1:20  Drone  
  18  1:25  Drone  
  18  1:34  Drone  
  19  1:47  Overlord  
  19  1:53  Queen  
  21  1:55  Drone  
  21  2:00  Queen  
  25  2:01  Zergling x2  
  25  2:05  Zergling x2  
  26  2:13  Drone  
  27  2:22  Metabolic Boost  
  27  2:35  Overlord  
  27  2:36  Drone x2  
  29  2:44  Queen  
  29  2:45  Queen  
  29  2:50  Drone x2  
  35  2:52  Drone  
  36  3:00  Drone x3  
  39  3:07  Overlord  
  39  3:18  Hatchery  
  38  3:23  Drone x3  
  38  3:25  Drone  
  42  3:27  Drone  
  42  3:29  Drone  
  44  3:36  Queen  
  44  3:38  Drone  
  44  3:40  Overlord  
  47  3:47  Queen  
  49  3:50  Zergling x2  
  49  3:53  Zergling x4  
  49  3:54  Overlord  
  52  3:59  Zergling x6  
  55  4:03  Drone x2  
  55  4:05  Drone  
  58  4:10  Overlord  
  58  4:17  Drone x2  
  58  4:22  Overlord  
  58  4:24  Overlord  
  60  4:27  Overlord  
  60  4:28  Queen  
  63  4:31  Drone x2  
  63  4:32  Drone x2  
  63  4:34  Drone  
  63  4:37  Drone  
  68  4:41  Spore Crawler x2  
  68  4:44  Spore Crawler, Drone  
  66  4:48  Overlord  
  66  4:53  Zergling x6  
  66  4:55  Drone  
  66  4:56  Drone x2  
  72  5:02  Queen  
  72  5:04  Drone x2  
  72  5:06  Overlord  
  76  5:13  Roach Warren  
  75  5:14  Lair  
  75  5:20  Zergling x8  
  79  5:27  Zergling x6  
  77  5:29  Zergling x4  
  77  5:32  Zergling x2  
  77  5:33  Zergling x2  
  77  5:34  Queen, Zergling x4  
  75  5:36  Zergling x4  
  75  5:42  Zergling x4  
  77  5:43  Zergling x6  
  73  5:59  Drone x2  
  73  6:01  Drone x3  
  77  6:05  Extractor, Drone  
  77  6:08  Drone  
  78  6:12  Glial Reconstitution  
  78  6:15  Extractor  
  78  6:16  Extractor  
  78  6:17  Drone x2  
  78  6:21  Drone  
  78  6:22  Nydus Network, Drone  
  79  6:26  Drone  
  79  6:32  Queen x3, Drone x2  
  82  6:34  Overlord  
  80  6:53  Roach  
  80  6:54  Roach x6  
  92  7:03  Nydus Canal  
  92  7:05  Roach  
  92  7:06  Roach x3  
  92  7:08  Queen  
  100  7:10  Roach x2  
  100  7:11  Overlord x2  
  108  7:15  Roach  
  108  7:16  Roach x3  
  108  7:21  Hatchery  
  113  7:27  Roach x3  
  113  7:29  Nydus Canal  
  119  7:30  Roach  
  119  7:31  Overlord  
  119  7:32  Overseer  
  119  7:36  Roach  
  123  7:37  Roach  
  123  7:40  Roach  
  127  7:46  Nydus Canal  
  127  7:47  Roach  
  127  7:49  Roach, Queen x3  
  127  7:50  Drone  
  129  7:51  Drone  
  129  7:53  Drone x2  
  129  7:55  Drone x2  
  129  7:56  Overlord, Drone x3  
  129  7:57  Drone  
  126  7:59  Drone x2  
  126  8:06  Drone x2  
  126  8:10  Extractor  
  126  8:11  Infestation Pit, Extractor, Drone  
  118  8:18  Overlord  
  118  8:19  Drone x2  
  116  8:29  Drone  
  116  8:31  Drone  
  116  8:32  Hydralisk Den, Drone  
  118  8:38  Drone x2  
  118  8:40  Spore Crawler  
  118  8:43  Spore Crawler, Drone x8  
  118  8:47  Extractor  
  124  8:49  Roach, Extractor, Hive  
  124  8:50  Roach  
  124  8:55  Drone  
  128  8:57  Overlord  
  128  9:00  Hydralisk  
  128  9:01  Overlord  
  128  9:02  Overlord  
  130  9:03  Drone  
  130  9:09  Overseer  
  130  9:12  Hydralisk x3  
  130  9:13  Hydralisk  
  130  9:14  Hatchery  
  130  9:15  Spore Crawler  
  136  9:24  Grooved Spines  
  136  9:25  Drone  
  136  9:26  Hydralisk x5  
  136  9:29  Hydralisk  
  149  9:32  Hydralisk x2  
  149  9:35  Hydralisk  
  149  9:37  Hydralisk  
  157  9:51  Spore Crawler  
  152  10:00  Drone x4  
  152  10:01  Drone x5  
  152  10:03  Viper  
  152  10:04  Viper x3  
  173  10:14  Viper  
  173  10:15  Spore Crawler  
  173  10:17  Drone x5  
  180  10:24  Spine Crawler  
  180  10:25  Spore Crawler, Spine Crawler  
  180  10:26  Spine Crawler x3  
  180  10:28  Hydralisk x5  
  184  10:36  Muscular Augments, Drone x2  
  184  10:37  Evolution Chamber x2  
  184  10:38  Extractor, Drone x2  
  184  10:39  Drone x3  
  184  10:41  Extractor  
  184  10:42  Hydralisk  
  179  10:50  Hydralisk x3  
  179  10:56  Pneumatized Carapace  
  179  10:57  Drone x5  
  186  11:01  Spore Crawler  
  186  11:03  Spore Crawler  
  188  11:07  Overlord, Zerg Missile Weapons Level 1, Zerg Ground Armor Level 1  
  188  11:08  Overlord  
  188  11:12  Roach  
  188  11:14  Overlord x2  
  188  11:16  Spore Crawler  
  189  11:24  Overlord x2  
  189  11:26  Evolution Chamber  
  189  11:28  Evolution Chamber  
  189  11:30  Hydralisk x6, Evolution Chamber  
  198  11:40  Hydralisk  
  198  11:41  Hydralisk  
  172  12:16  Hydralisk x7  
  172  12:17  Roach x7  
  172  12:18  Roach  
  198  12:32  Roach  
  198  12:33  Roach  
  200  13:11  Zerg Ground Armor Level 2, Zerg Missile Weapons Level 2  
  200  13:14  Spire  
  184  13:31  Hydralisk x8  
  184  13:32  Hydralisk  
  188  13:47  Hydralisk x3  
  188  13:48  Hydralisk x10  
  183  14:35  Viper x2, Greater Spire  
  183  14:36  Viper x2  
  186  14:38  Corruptor  
  186  14:39  Corruptor x6  
  200  14:52  Corruptor  
  172  14:53  Corruptor x8  
  190  15:12  Spore Crawler x2  
  188  15:20  Hatchery  
  187  15:27  Hatchery  
  185  15:37  Spore Crawler  
  185  15:40  Spore Crawler  
  179  15:47  Brood Lord  
  179  15:48  Brood Lord x9  
  199  15:56  Brood Lord x2  
  199  15:59  Zerg Flyer Weapons Level 1  
  199  16:03  Drone x2, Spire  
  200  16:05  Spine Crawler  
  200  16:07  Spine Crawler  
  198  16:17  Corruptor  
  200  16:35  Overseer  
  200  17:17  Overseer x3  
  200  17:26  Zerg Flyer Armor Level 1  
  197  18:09  Overseer x2  
  197  18:11  Spine Crawler x2  
  195  18:18  Infestor x2  
  199  18:32  Drone  
  193  18:44  Viper  
  193  18:45  Viper  
  199  18:54  Zerg Ground Armor Level 3, Zerg Missile Weapons Level 3  
  199  19:19  Spore Crawler  
  199  19:20  Spore Crawler  
  199  19:22  Spore Crawler  
  199  19:23  Spore Crawler  
  172  19:43  Viper x5  
  172  19:44  Viper  
  190  19:45  Corruptor x2  
  190  19:47  Overlord x2  
  194  19:58  Zerg Flyer Weapons Level 2  
  194  19:59  Zerg Flyer Armor Level 2  
  194  20:02  Overlord x2  
  194  20:13  Spore Crawler  
  193  20:16  Spore Crawler  
  186  21:05  Corruptor x7  
  197  21:39  Corruptor  
  199  21:52  Drone  
  200  22:00  Extractor  
  199  22:05  Extractor  
Tags
 
Add a new tag
Caveats
  • Supply blocks, unpowered buildings, or Contaminate may cause inaccurate times.
  • Supply counts are checked every 10 seconds.